Rocket vs Marlies
Created - November 22, 2022 at 19:01
Goals
|
Rocket |
0 |
3 |
2 |
5 |
Marlies |
0 |
2 |
1 |
3 |
|
Shots
|
Rocket |
7 |
12 |
4 |
23 |
Marlies |
15 |
15 |
9 |
39 |
|
1st period
No Goal
Penalties :
No Penalty
2nd period
1. Marlies , Brett Pesce 2 (Pavel Zacha 6) at 3:32
2. Marlies , Martin Necas 4 (Jeff Corbett 2, Mathieu Olivier 4) at 4:24
3. Rocket , Peter Holland 7 (Scott Wilson 5, Brandon Pirri 11) at 11:10 (PP)
4. Rocket , Dominic Turgeon 3 (Jiri Sekac 4, Kole Sherwood 2) at 16:43
5. Rocket , Brandon Pirri 6 (Scott Wilson 6, Peter Holland 8) at 17:22
Penalties :
Valentin Zykov (Tor) for Slashing (Minor) at 0:29, Martin Necas (Tor) for Slashing (Minor) at 10:39, Andrei Mironov (Lav) for Hooking (Minor) at 13:05
3rd period
6. Marlies , Brett Pesce 3 (Pavel Zacha 7, Tyler Benson 3) at 9:26 (PP)
7. Rocket , Danton Heinen 5 (Adrian Kempe 8, Corey Trivino 10) at 13:53
8. Rocket , Danton Heinen 6 (Adrian Kempe 9, Dean Kukan 4) at 15:53
Penalties :
Logan Brown (Tor) for High sticking (Minor) at 4:07, Jack Glover (Lav) for Roughing (Minor) at 8:47
Goalie Stats
Igor Shesterkin (Lav), 36 saves from 39 shots - (0.923), W, 8-0-2, 60:00 minutes
Logan Thompson (Tor), 18 saves from 23 shots - (0.783), L, 1-1-0, 60:00 minutes
Players Stats for Rocket
Player Name G A P +/- PIM S H SB GA TA FO MP PP MP PK MP
------------------------------------------------------------------------------------
Adrian Kempe 0 2 2 1 0 4 4 0 4 0 0/2 20:15 2:25 0:27
Andrei Mironov 0 0 0 0 2 1 1 2 1 0 0/0 20:07 1:47 0:00
Andrey Pedan 0 0 0 1 0 1 1 3 0 2 0/0 24:13 1:47 1:04
Branden Troock 0 0 0 0 0 0 1 0 0 0 1/1 9:15 0:07 0:00
Brandon Pirri 1 1 2 1 0 1 1 1 1 0 0/0 16:04 1:57 0:28
Corey Trivino 0 1 1 1 0 0 0 1 0 2 15/29 19:32 2:25 0:07
Danton Heinen 2 0 2 1 0 2 0 1 0 0 0/0 20:31 2:25 1:38
Dean Kukan 0 1 1 0 0 2 3 2 1 2 0/0 26:00 2:02 1:53
Dominic Turgeon 1 0 1 0 0 1 0 0 0 1 1/1 13:41 0:07 0:28
Dylan DeMelo 0 0 0 2 0 0 1 0 0 0 0/0 13:28 0:40 0:11
Jack Glover 0 0 0 1 2 1 1 1 0 0 0/0 14:02 0:00 0:45
Jakub Vrana 0 0 0 0 0 3 1 0 0 0 0/0 9:46 0:00 0:32
Jiri Sekac 0 1 1 0 0 2 0 1 0 0 0/0 13:26 0:07 0:00
Karson Kuhlman 0 0 0 0 0 0 1 0 0 1 2/8 10:24 0:00 1:36
Kole Sherwood 0 1 1 0 0 0 4 0 0 0 0/0 13:06 0:00 0:00
Peter Holland 1 1 2 1 0 1 0 0 0 0 5/12 15:36 1:57 0:00
Scott Wilson 0 2 2 1 0 4 0 1 1 0 0/0 15:36 1:57 0:00
Viktor Loov 0 0 0 0 0 0 0 1 0 0 0/0 22:18 2:42 1:23
Players Stats for Marlies
Player Name G A P +/- PIM S H SB GA TA FO MP PP MP PK MP
------------------------------------------------------------------------------------
Aleksi Saarela 0 0 0 1 0 4 3 0 1 1 3/6 14:06 0:00 1:46
Alex Formenton 0 0 0 1 0 2 0 0 0 0 0/0 12:45 0:00 0:41
Brett Pesce 2 0 2 -1 0 4 2 0 1 0 0/0 26:17 1:41 2:56
Brycen Martin 0 0 0 -1 0 1 0 0 0 1 0/0 14:44 0:00 0:04
Dennis Gilbert 0 0 0 0 0 2 2 0 0 0 0/0 18:59 0:57 1:29
Dmitri Samorukov 0 0 0 -1 0 0 0 1 0 1 0/0 14:28 0:00 0:04
Elias Pettersson 0 0 0 -3 0 6 1 2 4 0 16/28 22:19 1:24 1:59
Henri Ikonen 0 0 0 0 0 3 3 0 1 0 0/0 9:02 0:00 1:07
Jeff Corbett 0 1 1 -1 0 3 0 1 0 1 0/0 26:33 1:41 2:56
Keaton Thompson 0 0 0 0 0 1 3 0 0 1 0/0 18:59 0:57 1:29
Logan Brown 0 0 0 0 2 0 0 1 0 0 3/3 8:11 0:00 0:00
Martin Necas 1 0 1 1 2 3 0 0 0 0 0/0 11:49 0:00 0:00
Mathieu Olivier 0 1 1 0 0 0 0 1 0 1 0/0 15:01 1:14 0:00
Nicholas Baptiste 0 0 0 -3 0 5 3 1 1 1 1/1 20:20 1:24 0:00
Pavel Zacha 0 2 2 0 0 0 0 1 0 0 4/10 16:32 1:14 1:17
Tobias Lindberg 0 0 0 0 0 0 0 0 0 0 0/0 7:36 0:00 0:00
Tyler Benson 0 1 1 0 0 5 4 1 0 0 0/1 16:10 1:14 1:09
Valentin Zykov 0 0 0 -3 2 0 0 0 0 1 2/4 21:37 1:24 0:59
3 Stars
1 - Danton Heinen (Lav)
2 - Brandon Pirri (Lav)
3 - Adrian Kempe (Lav)
Power Play
Rocket - 1 on 3 Attempt(s) - 33.33%
Marlies - 1 on 2 Attempt(s) - 50.00%
Penalty Kill
Rocket - 1 on 2 Attempt(s) - 50.00%
- Score 0 goal in Penalty Kill
Marlies - 2 on 3 Attempt(s) - 66.67%
- Score 0 goal in Penalty Kill
Team Stat
Rocket - Hits : 19 - Faceoff Wins : 24 - Blocked Shots : 14 - Penalty Minutes : 4
Marlies - Hits : 21 - Faceoff Wins : 29 - Blocked Shots : 9 - Penalty Minutes : 6
Official
Referees : Brandon Schrader and Dan O'Rourke
Linesman : Travis Gawryletz and Brandon Gawryletz
Game Notes
No Game Note
Finance
Level 1 -- Attendance: 2000 (100.00%) -- Ticket Income $70,000
Level 2 -- Attendance: 962 (96.20%) -- Ticket Income $14,430
Total Attendance: 2962 (98.73%)
Total Ticket Income: $84,430
Other Income: $4,222
Total Income: $88,652
Rocket
5 vs 5 Forward
Center Left Wing Right Wing Time % Phy DF OF
1 Corey Trivino Adrian Kempe Danton Heinen 40 1 2 2
2 Peter Holland Brandon Pirri Scott Wilson 30 1 2 2
3 Dominic Turgeon Jiri Sekac Kole Sherwood 20 1 2 2
4 Karson Kuhlman Jakub Vrana Branden Troock 10 1 2 2
5 vs 5 Defense
Defense Defense Time % Phy DF OF
1 Andrey Pedan Dean Kukan 40 1 2 2
2 Viktor Loov Andrei Mironov 30 1 2 2
3 Dylan DeMelo Jack Glover 20 1 2 2
4 Viktor Loov Dean Kukan 10 1 2 2
PowerPlay Forward
Center Left Wing Right Wing Time % Phy DF OF
1 Corey Trivino Adrian Kempe Danton Heinen 60 1 2 2
2 Peter Holland Brandon Pirri Scott Wilson 40 1 2 2
PowerPlay Defense
Defense Defense Time % Phy DF OF
1 Viktor Loov Dean Kukan 60 1 2 2
2 Andrey Pedan Andrei Mironov 40 1 2 2
Penalty Kill 4 Players Forward
Center Wing Time % Phy DF OF
1 Karson Kuhlman Danton Heinen 60 1 2 2
2 Dominic Turgeon Brandon Pirri 40 1 2 2
Penalty Kill 4 Players Defense
Defense Defense Time % Phy DF OF
1 Viktor Loov Dean Kukan 60 1 2 2
2 Andrey Pedan Andrei Mironov 40 1 2 2
Penalty Kill - 3 Players Forward
Forward Time % Phy DF OF
1 Dominic Turgeon 60 1 2 2
2 Karson Kuhlman 40 1 2 2
Penalty Kill - 3 Players Defense
Defense Defense Time % Phy DF OF
1 Viktor Loov Dean Kukan 60 1 2 2
2 Andrey Pedan Andrei Mironov 40 1 2 2
4 vs 4 Forward
Center Wing Time % Phy DF OF
1 Peter Holland Danton Heinen 60 1 2 2
2 Corey Trivino Brandon Pirri 40 1 2 2
4 vs 4 Defense
Defense Defense Time % Phy DF OF
1 Viktor Loov Dean Kukan 60 1 2 2
2 Andrey Pedan Andrei Mironov 40 1 2 2
Last Minutes Offensive
Center Left Wing Right Wing Defense Defense
Corey Trivino Adrian Kempe Danton Heinen Andrey Pedan Dylan DeMelo
Last Minutes Defensive
Center Left Wing Right Wing Defense Defense
Corey Trivino Jiri Sekac Danton Heinen Viktor Loov Dean Kukan
Goaltenders
Starting : Igor Shesterkin
Backup : Eamon McAdam
Extra Forwards
Normal : Jiri Sekac, Dominic Turgeon, Jakub Vrana - PP : Jiri Sekac, Dominic Turgeon - PK : Jakub Vrana
Extra Defensemen
Normal : Dylan DeMelo, Jack Glover, Andrey Pedan - PP : Dylan DeMelo - PK : Jack Glover, Andrey Pedan
Penalty Shots
Scott Wilson, Danton Heinen, Corey Trivino, Brandon Pirri, Adrian Kempe
Scratches
Dalton Smith (Healthy), Daniel Sprong (Healthy), Reese Johnson (Healthy), Guillaume Brisebois (Healthy), Mason Appleton (Healthy)
Ryan Collins (Healthy), Sergey Tolchinsky (Healthy), Ty Rattie (Suspend), Tyler Lewington (Healthy), MacKenzie Entwistle (Healthy)
Luke Kunin (Healthy), Mikhail Maltsev (Healthy)
Marlies
5 vs 5 Forward
Center Left Wing Right Wing Time % Phy DF OF
1 Elias Pettersson Valentin Zykov Nicholas Baptiste 40 1 2 2
2 Pavel Zacha Tyler Benson Mathieu Olivier 30 1 2 2
3 Aleksi Saarela Alex Formenton Martin Necas 20 1 2 2
4 Logan Brown Henri Ikonen Tobias Lindberg 10 1 2 2
5 vs 5 Defense
Defense Defense Time % Phy DF OF
1 Brett Pesce Jeff Corbett 40 1 2 2
2 Keaton Thompson Dennis Gilbert 30 1 2 2
3 Dmitri Samorukov Brycen Martin 20 1 2 2
4 Brett Pesce Jeff Corbett 10 1 2 2
PowerPlay Forward
Center Left Wing Right Wing Time % Phy DF OF
1 Elias Pettersson Valentin Zykov Nicholas Baptiste 60 1 2 2
2 Pavel Zacha Tyler Benson Mathieu Olivier 40 1 2 2
PowerPlay Defense
Defense Defense Time % Phy DF OF
1 Brett Pesce Jeff Corbett 60 1 2 2
2 Keaton Thompson Dennis Gilbert 40 1 2 2
Penalty Kill 4 Players Forward
Center Wing Time % Phy DF OF
1 Elias Pettersson Valentin Zykov 60 1 2 2
2 Pavel Zacha Tyler Benson 40 1 2 2
Penalty Kill 4 Players Defense
Defense Defense Time % Phy DF OF
1 Brett Pesce Jeff Corbett 60 1 2 2
2 Keaton Thompson Dennis Gilbert 40 1 2 2
Penalty Kill - 3 Players Forward
Forward Time % Phy DF OF
1 Elias Pettersson 60 1 2 2
2 Pavel Zacha 40 1 2 2
Penalty Kill - 3 Players Defense
Defense Defense Time % Phy DF OF
1 Brett Pesce Jeff Corbett 60 1 2 2
2 Keaton Thompson Dennis Gilbert 40 1 2 2
4 vs 4 Forward
Center Wing Time % Phy DF OF
1 Elias Pettersson Valentin Zykov 60 1 2 2
2 Pavel Zacha Tyler Benson 40 1 2 2
4 vs 4 Defense
Defense Defense Time % Phy DF OF
1 Brett Pesce Jeff Corbett 60 1 2 2
2 Keaton Thompson Dennis Gilbert 40 1 2 2
Last Minutes Offensive
Center Left Wing Right Wing Defense Defense
Elias Pettersson Valentin Zykov Nicholas Baptiste Brett Pesce Jeff Corbett
Last Minutes Defensive
Center Left Wing Right Wing Defense Defense
Elias Pettersson Valentin Zykov Nicholas Baptiste Brett Pesce Jeff Corbett
Goaltenders
Starting : Logan Thompson
Backup : Charlie Lindgren
Extra Forwards
Normal : Aleksi Saarela, Logan Brown, Mathieu Olivier - PP : Aleksi Saarela, Logan Brown - PK : Aleksi Saarela
Extra Defensemen
Normal : Dennis Gilbert, Dmitri Samorukov, Brycen Martin - PP : Dennis Gilbert - PK : Dennis Gilbert, Dmitri Samorukov
Penalty Shots
Elias Pettersson, Pavel Zacha, Nicholas Baptiste, Valentin Zykov, Aleksi Saarela
Scratches
Colton Sissons (Healthy), Marc McLaughlin (Healthy), Jaden Lindo (Healthy), Jakob Forsbacka-Karlsson (Healthy), Pierre-Olivier Joseph (Broken Left Thumb Injury)
Matthew Highmore (Healthy), Radovan Bondra (Healthy), Simon Bourque (Healthy), Mike Hardman (Healthy), Lucas Carlsson (Facial Surgery Injury)
Otto Koivula (Healthy), Jonathan Davidsson (Healthy)
% Time on Ice - Rocket
Lines # - Real PCT - Wanted PCT - Time Play
Normal Forward
1 - 32% - 40% - 17:00
2 - 26% - 30% - 13:59
3 - 25% - 20% - 13:06
4 - 17% - 10% - 8:48
Normal Defense
1 - 37% - 40% - 19:46
2 - 33% - 30% - 17:29
3 - 25% - 20% - 13:18
4 - 4% - 10% - 2:20
PP Forward
1 - 57% - 60% - 2:32
2 - 43% - 40% - 1:57
PP Defense
1 - 60% - 60% - 2:42
2 - 40% - 40% - 1:47
PK Forward
1 - 82% - 60% - 2:10
2 - 18% - 40% - 0:28
PK Defense
1 - 53% - 60% - 1:23
2 - 47% - 40% - 1:15
PK3 Forward
1 - 0% - 60%
2 - 0% - 40%
PK3 Defense
1 - 0% - 60%
2 - 0% - 40%
44 Forward
1 - 0% - 60%
2 - 0% - 40%
44 Defense
1 - 0% - 60%
2 - 0% - 40%
Last Minute Offensive - 0:00
Last Minute Defensive - 0:00
Total
Forward - 60:00
Defense - 60:00
|
% Time on Ice - Marlies
Lines # - Real PCT - Wanted PCT - Time Play
Normal Forward
1 - 37% - 40% - 19:40
2 - 26% - 30% - 13:47
3 - 22% - 20% - 11:50
4 - 14% - 10% - 7:36
Normal Defense
1 - 38% - 40% - 19:59
2 - 31% - 30% - 16:31
3 - 26% - 20% - 13:57
4 - 5% - 10% - 2:26
PP Forward
1 - 53% - 60% - 1:24
2 - 47% - 40% - 1:14
PP Defense
1 - 64% - 60% - 1:41
2 - 36% - 40% - 0:57
PK Forward
1 - 77% - 60% - 3:27
2 - 23% - 40% - 1:02
PK Defense
1 - 67% - 60% - 3:00
2 - 33% - 40% - 1:29
PK3 Forward
1 - 0% - 60%
2 - 0% - 40%
PK3 Defense
1 - 0% - 60%
2 - 0% - 40%
44 Forward
1 - 0% - 60%
2 - 0% - 40%
44 Defense
1 - 0% - 60%
2 - 0% - 40%
Last Minute Offensive - 0:00
Last Minute Defensive - 0:00
Total
Forward - 60:00
Defense - 60:00
|
Play-by-Play
1st period
0:01 of 1st period - Elias Pettersson wins face-off versus Corey Trivino in neutral zone.
0:10 of 1st period - Snap shot by Elias Pettersson.
0:10 of 1st period - Shot Misses the Net.
0:12 of 1st period - Snap shot by Valentin Zykov.
0:12 of 1st period - Shot Misses the Net.
0:43 of 1st period - Dean Kukan is hit by Brett Pesce and loses puck.
1:02 of 1st period - Snap shot by Jiri Sekac.
1:02 of 1st period - Stopped by Logan Thompson with a rebound.
1:04 of 1st period - Slapshot by Andrey Pedan.
1:04 of 1st period - Stopped by Logan Thompson with a rebound.
3:23 of 1st period - Snap shot by Brandon Pirri.
3:23 of 1st period - Shot Misses the Net.
3:47 of 1st period - Valentin Zykov is hit by Kole Sherwood and loses puck.
4:25 of 1st period - Wrist shot by Logan Brown.
4:25 of 1st period - Shot Misses the Net.
4:51 of 1st period - Jakub Vrana is hit by Tyler Benson.
5:21 of 1st period - Dylan DeMelo is hit by Henri Ikonen and loses puck.
6:12 of 1st period - Wrist shot by Elias Pettersson.
6:12 of 1st period - Shot Misses the Net.
6:27 of 1st period - Adrian Kempe is hit by Tyler Benson and loses puck.
6:44 of 1st period - Jiri Sekac is hit by Henri Ikonen and loses puck.
6:59 of 1st period - Jack Glover is hit by Nicholas Baptiste and loses puck.
8:22 of 1st period - Andrei Mironov is hit by Elias Pettersson and loses puck.
10:09 of 1st period - Andrey Pedan is hit by Henri Ikonen and loses puck.
10:16 of 1st period - Snap shot by Logan Brown.
10:16 of 1st period - Deflect By Tobias Lindberg.
10:16 of 1st period - Shot Misses the Net.
10:16 of 1st period - Puck is out of play.
10:17 of 1st period - Peter Holland wins face-off versus Elias Pettersson in Rocket zone.
10:40 of 1st period - Icing by Nicholas Baptiste.
10:41 of 1st period - Corey Trivino wins face-off versus Tyler Benson in Marlies zone.
11:14 of 1st period - Wrist shot by Brandon Pirri.
11:14 of 1st period - Shot Blocked by Dmitri Samorukov.
11:16 of 1st period - Slapshot by Andrei Mironov.
11:16 of 1st period - Stopped by Logan Thompson with a rebound.
11:28 of 1st period - Slapshot by Jakub Vrana.
11:28 of 1st period - Stopped by Logan Thompson with a rebound.
11:32 of 1st period - Wrist shot by Jakub Vrana.
11:32 of 1st period - Stopped by Logan Thompson with a rebound.
11:34 of 1st period - Slapshot by Jack Glover.
11:34 of 1st period - Deflect By Jakub Vrana.
11:34 of 1st period - Shot Misses the Net.
11:34 of 1st period - Puck is out of play.
11:35 of 1st period - Branden Troock wins face-off versus Aleksi Saarela in Marlies zone.
11:36 of 1st period - Snap shot by Karson Kuhlman.
11:36 of 1st period - Deflect By Jakub Vrana.
11:36 of 1st period - Stopped by Logan Thompson with a rebound.
11:50 of 1st period - Andrey Pedan is hit by Aleksi Saarela and loses puck.
11:55 of 1st period - Wrist shot by Martin Necas.
11:55 of 1st period - Stopped by Igor Shesterkin with a rebound.
11:57 of 1st period - Slapshot by Jeff Corbett.
11:57 of 1st period - Shot Blocked by Dean Kukan.
11:59 of 1st period - Snap shot by Dennis Gilbert.
11:59 of 1st period - Stopped by Igor Shesterkin with a rebound.
12:05 of 1st period - Wrist shot by Aleksi Saarela.
12:05 of 1st period - Stopped by Igor Shesterkin with a rebound.
12:07 of 1st period - Slapshot by Aleksi Saarela.
12:07 of 1st period - Deflect By Alex Formenton.
12:07 of 1st period - Stopped by Igor Shesterkin with a rebound.
12:49 of 1st period - Karson Kuhlman is hit by Dennis Gilbert and loses puck.
12:58 of 1st period - Slapshot by Aleksi Saarela.
12:58 of 1st period - Shot Misses the Net.
13:06 of 1st period - Snap shot by Aleksi Saarela.
13:06 of 1st period - Stopped by Igor Shesterkin without a rebound.
13:07 of 1st period - Elias Pettersson wins face-off versus Corey Trivino in Rocket zone.
13:22 of 1st period - Snap shot by Nicholas Baptiste.
13:22 of 1st period - Shot Misses the Net.
13:49 of 1st period - Brett Pesce is hit by Adrian Kempe and loses puck.
13:58 of 1st period - Slapshot by Adrian Kempe.
13:58 of 1st period - Deflect By Danton Heinen.
13:58 of 1st period - Shot Misses the Net.
13:58 of 1st period - Puck is out of play.
13:59 of 1st period - Elias Pettersson wins face-off versus Peter Holland in Marlies zone.
14:29 of 1st period - Slapshot by Jiri Sekac.
14:29 of 1st period - Stopped by Logan Thompson with a rebound.
14:44 of 1st period - Off-side.
14:45 of 1st period - Logan Brown wins face-off versus Peter Holland in neutral zone.
15:35 of 1st period - Dennis Gilbert is hit by Andrey Pedan and loses puck.
16:11 of 1st period - Off-side.
16:12 of 1st period - Karson Kuhlman wins face-off versus Elias Pettersson in neutral zone.
16:15 of 1st period - Wrist shot by Jakub Vrana.
16:15 of 1st period - Shot Blocked by Nicholas Baptiste.
16:55 of 1st period - Icing by Danton Heinen.
16:56 of 1st period - Aleksi Saarela wins face-off versus Peter Holland in Rocket zone.
16:57 of 1st period - Slapshot by Martin Necas.
16:57 of 1st period - Shot Blocked by Scott Wilson.
16:59 of 1st period - Wrist shot by Aleksi Saarela.
16:59 of 1st period - Stopped by Igor Shesterkin with a rebound.
17:01 of 1st period - Slapshot by Keaton Thompson.
17:01 of 1st period - Stopped by Igor Shesterkin with a rebound.
17:03 of 1st period - Wrist shot by Alex Formenton.
17:03 of 1st period - Stopped by Igor Shesterkin with a rebound.
17:05 of 1st period - Slapshot by Dennis Gilbert.
17:05 of 1st period - Stopped by Igor Shesterkin with a rebound.
17:07 of 1st period - Slapshot by Martin Necas.
17:07 of 1st period - Stopped by Igor Shesterkin with a rebound.
17:09 of 1st period - Slapshot by Dennis Gilbert.
17:09 of 1st period - Shot Misses the Net.
17:11 of 1st period - Slapshot by Dennis Gilbert.
17:11 of 1st period - Shot Blocked by Brandon Pirri.
17:49 of 1st period - Icing by Brett Pesce.
17:50 of 1st period - Dominic Turgeon wins face-off versus Pavel Zacha in Marlies zone.
17:51 of 1st period - Wrist shot by Jiri Sekac.
17:51 of 1st period - Shot Misses the Net.
18:17 of 1st period - Slapshot by Brett Pesce.
18:17 of 1st period - Stopped by Igor Shesterkin with a rebound.
18:19 of 1st period - Snap shot by Tyler Benson.
18:19 of 1st period - Stopped by Igor Shesterkin without a rebound.
18:20 of 1st period - Corey Trivino wins face-off versus Elias Pettersson in Rocket zone.
18:27 of 1st period - Snap shot by Elias Pettersson.
18:27 of 1st period - Stopped by Igor Shesterkin without a rebound.
18:28 of 1st period - Valentin Zykov wins face-off versus Corey Trivino in Rocket zone.
18:35 of 1st period - Snap shot by Valentin Zykov.
18:35 of 1st period - Shot Misses the Net.
18:37 of 1st period - Wrist shot by Elias Pettersson.
18:37 of 1st period - Stopped by Igor Shesterkin with a rebound.
18:39 of 1st period - Slapshot by Keaton Thompson.
18:39 of 1st period - Shot Misses the Net.
18:43 of 1st period - Wrist shot by Nicholas Baptiste.
18:43 of 1st period - Stopped by Igor Shesterkin with a rebound.
19:51 of 1st period - Off-side.
19:52 of 1st period - Nicholas Baptiste wins face-off versus Karson Kuhlman in neutral zone.
Goals for this period are 0 for Rocket vs 0 for Marlies.
Shots for this period are 7 for Rocket vs 15 for Marlies.
2nd period
0:01 of 2nd period - Elias Pettersson wins face-off versus Corey Trivino in neutral zone.
0:12 of 2nd period - Icing by Valentin Zykov.
0:13 of 2nd period - Corey Trivino wins face-off versus Elias Pettersson in Marlies zone.
0:29 of 2nd period - Minor Penalty to Valentin Zykov for Slashing.
0:30 of 2nd period - Corey Trivino wins face-off versus Elias Pettersson in Marlies zone.
2:29 of 2nd period - Penalty to Valentin Zykov is over, Valentin Zykov is back on ice.
3:07 of 2nd period - Karson Kuhlman is hit by Keaton Thompson.
3:19 of 2nd period - Dennis Gilbert is hit by Dylan DeMelo and loses puck.
3:30 of 2nd period - Slapshot by Dennis Gilbert.
3:30 of 2nd period - Deflect By Pavel Zacha.
3:30 of 2nd period - Shot Misses the Net.
3:30 of 2nd period - Puck is out of play.
3:31 of 2nd period - Pavel Zacha wins face-off versus Corey Trivino in Rocket zone.
3:32 of 2nd period - Wrist shot by Brett Pesce.
3:32 of 2nd period - Goal by Brett Pesce - Rocket : 0 - Marlies : 1.
3:33 of 2nd period - Valentin Zykov wins face-off versus Corey Trivino in neutral zone.
3:59 of 2nd period - Scott Wilson is hit by Tyler Benson and loses puck.
4:24 of 2nd period - Snap shot by Martin Necas.
4:24 of 2nd period - Goal by Martin Necas - Rocket : 0 - Marlies : 2.
4:25 of 2nd period - Corey Trivino wins face-off versus Elias Pettersson in neutral zone.
4:47 of 2nd period - Icing by Brycen Martin.
4:48 of 2nd period - Peter Holland wins face-off versus Elias Pettersson in Marlies zone.
5:19 of 2nd period - Icing by Andrei Mironov.
5:20 of 2nd period - Corey Trivino wins face-off versus Pavel Zacha in Rocket zone.
5:35 of 2nd period - Adrian Kempe is hit by Tyler Benson and loses puck.
5:48 of 2nd period - Wrist shot by Tyler Benson.
5:48 of 2nd period - Shot Blocked by Danton Heinen.
6:06 of 2nd period - Snap shot by Tyler Benson.
6:06 of 2nd period - Shot Blocked by Andrei Mironov.
6:08 of 2nd period - Snap shot by Tyler Benson.
6:08 of 2nd period - Stopped by Igor Shesterkin with a rebound.
6:10 of 2nd period - Slapshot by Tyler Benson.
6:10 of 2nd period - Stopped by Igor Shesterkin without a rebound.
6:11 of 2nd period - Elias Pettersson wins face-off versus Peter Holland in Rocket zone.
6:52 of 2nd period - Dylan DeMelo is hit by Aleksi Saarela and loses puck.
7:05 of 2nd period - Snap shot by Jack Glover.
7:05 of 2nd period - Stopped by Logan Thompson without a rebound.
7:06 of 2nd period - Logan Brown wins face-off versus Karson Kuhlman in Marlies zone.
7:17 of 2nd period - Snap shot by Henri Ikonen.
7:17 of 2nd period - Shot Blocked by Andrey Pedan.
7:19 of 2nd period - Snap shot by Henri Ikonen.
7:19 of 2nd period - Stopped by Igor Shesterkin with a rebound.
7:33 of 2nd period - Snap shot by Henri Ikonen.
7:33 of 2nd period - Stopped by Igor Shesterkin without a rebound.
7:34 of 2nd period - Elias Pettersson wins face-off versus Adrian Kempe in Rocket zone.
8:16 of 2nd period - Keaton Thompson is hit by Andrei Mironov and loses puck.
8:56 of 2nd period - Backhand shot by Nicholas Baptiste.
8:56 of 2nd period - Stopped by Igor Shesterkin with a rebound.
9:12 of 2nd period - Snap shot by Elias Pettersson.
9:12 of 2nd period - Shot Blocked by Jiri Sekac.
9:34 of 2nd period - Keaton Thompson is hit by Kole Sherwood and loses puck.
9:51 of 2nd period - Slapshot by Dean Kukan.
9:51 of 2nd period - Stopped by Logan Thompson without a rebound.
9:52 of 2nd period - Pavel Zacha wins face-off versus Corey Trivino in Marlies zone.
9:59 of 2nd period - Slapshot by Pavel Zacha.
9:59 of 2nd period - Shot Blocked by Corey Trivino.
10:05 of 2nd period - Snap shot by Adrian Kempe.
10:05 of 2nd period - Stopped by Logan Thompson without a rebound.
10:06 of 2nd period - Pavel Zacha wins face-off versus Corey Trivino in Marlies zone.
10:21 of 2nd period - Slapshot by Danton Heinen.
10:21 of 2nd period - Shot Blocked by Tyler Benson.
10:31 of 2nd period - Aleksi Saarela is hit by Brandon Pirri and loses puck.
10:36 of 2nd period - Snap shot by Scott Wilson.
10:36 of 2nd period - Stopped by Logan Thompson without a rebound.
10:37 of 2nd period - Aleksi Saarela wins face-off versus Peter Holland in Marlies zone.
10:39 of 2nd period - Minor Penalty to Martin Necas for Slashing.
10:40 of 2nd period - Corey Trivino wins face-off versus Pavel Zacha in Marlies zone.
11:10 of 2nd period - Snap shot by Scott Wilson.
11:10 of 2nd period - Deflect By Peter Holland.
11:10 of 2nd period - Goal by Peter Holland - Rocket : 1 - Marlies : 2.
11:11 of 2nd period - Corey Trivino wins face-off versus Pavel Zacha in neutral zone.
11:24 of 2nd period - Wrist shot by Brett Pesce.
11:24 of 2nd period - Stopped by Igor Shesterkin without a rebound.
11:25 of 2nd period - Elias Pettersson wins face-off versus Corey Trivino in Rocket zone.
11:30 of 2nd period - Snap shot by Elias Pettersson.
11:30 of 2nd period - Stopped by Igor Shesterkin with a rebound.
11:32 of 2nd period - Snap shot by Nicholas Baptiste.
11:32 of 2nd period - Shot Misses the Net.
11:34 of 2nd period - Snap shot by Valentin Zykov.
11:34 of 2nd period - Shot Blocked by Andrey Pedan.
11:50 of 2nd period - Adrian Kempe is hit by Aleksi Saarela and loses puck.
11:55 of 2nd period - Snap shot by Aleksi Saarela.
11:55 of 2nd period - Shot Misses the Net.
11:57 of 2nd period - Snap shot by Martin Necas.
11:57 of 2nd period - Shot Misses the Net.
12:02 of 2nd period - Slapshot by Brycen Martin.
12:02 of 2nd period - Stopped by Igor Shesterkin without a rebound.
12:03 of 2nd period - Peter Holland wins face-off versus Pavel Zacha in Rocket zone.
13:05 of 2nd period - Minor Penalty to Andrei Mironov for Hooking.
13:06 of 2nd period - Elias Pettersson wins face-off versus Karson Kuhlman in Rocket zone.
15:03 of 2nd period - Nicholas Baptiste is hit by Adrian Kempe and loses puck.
15:05 of 2nd period - Penalty to Andrei Mironov is over, Andrei Mironov is back on ice.
15:24 of 2nd period - Logan Brown is hit by Dean Kukan and loses puck.
16:20 of 2nd period - Aleksi Saarela is hit by Karson Kuhlman.
16:43 of 2nd period - Snap shot by Dominic Turgeon.
16:43 of 2nd period - Goal by Dominic Turgeon - Rocket : 2 - Marlies : 2.
16:44 of 2nd period - Elias Pettersson wins face-off versus Corey Trivino in neutral zone.
16:51 of 2nd period - Wrist shot by Corey Trivino.
16:51 of 2nd period - Shot Misses the Net.
17:09 of 2nd period - Jeff Corbett is hit by Dean Kukan and loses puck.
17:22 of 2nd period - Snap shot by Brandon Pirri.
17:22 of 2nd period - Goal by Brandon Pirri - Rocket : 3 - Marlies : 2.
17:23 of 2nd period - Elias Pettersson wins face-off versus Corey Trivino in neutral zone.
17:26 of 2nd period - Andrey Pedan is hit by Brett Pesce and loses puck.
18:10 of 2nd period - Keaton Thompson is hit by Kole Sherwood and loses puck.
18:31 of 2nd period - Snap shot by Karson Kuhlman.
18:31 of 2nd period - Shot Misses the Net.
18:33 of 2nd period - Slapshot by Karson Kuhlman.
18:33 of 2nd period - Shot Blocked by Logan Brown.
18:35 of 2nd period - Slapshot by Dean Kukan.
18:35 of 2nd period - Shot Misses the Net.
19:01 of 2nd period - Wrist shot by Adrian Kempe.
19:01 of 2nd period - Stopped by Logan Thompson without a rebound.
19:02 of 2nd period - Peter Holland wins face-off versus Pavel Zacha in Marlies zone.
19:03 of 2nd period - Wrist shot by Scott Wilson.
19:03 of 2nd period - Stopped by Logan Thompson with a rebound.
19:05 of 2nd period - Wrist shot by Scott Wilson.
19:05 of 2nd period - Stopped by Logan Thompson with a rebound.
19:07 of 2nd period - Snap shot by Jack Glover.
19:07 of 2nd period - Shot Blocked by Pavel Zacha.
19:09 of 2nd period - Wrist shot by Peter Holland.
19:09 of 2nd period - Shot Blocked by Mathieu Olivier.
19:11 of 2nd period - Wrist shot by Brandon Pirri.
19:11 of 2nd period - Shot Misses the Net.
19:13 of 2nd period - Slapshot by Jack Glover.
19:13 of 2nd period - Shot Misses the Net.
19:15 of 2nd period - Snap shot by Scott Wilson.
19:15 of 2nd period - Shot Blocked by Jeff Corbett.
19:17 of 2nd period - Snap shot by Scott Wilson.
19:17 of 2nd period - Deflect By Tyler Benson.
19:17 of 2nd period - Stopped by Logan Thompson without a rebound.
19:18 of 2nd period - Corey Trivino wins face-off versus Elias Pettersson in Marlies zone.
19:23 of 2nd period - Slapshot by Adrian Kempe.
19:23 of 2nd period - Stopped by Logan Thompson with a rebound.
19:29 of 2nd period - Slapshot by Jeff Corbett.
19:29 of 2nd period - Stopped by Igor Shesterkin without a rebound.
19:30 of 2nd period - Elias Pettersson wins face-off versus Corey Trivino in Rocket zone.
19:37 of 2nd period - Wrist shot by Elias Pettersson.
19:37 of 2nd period - Shot Misses the Net.
19:39 of 2nd period - Slapshot by Jeff Corbett.
19:39 of 2nd period - Stopped by Igor Shesterkin without a rebound.
19:40 of 2nd period - Corey Trivino wins face-off versus Elias Pettersson in Rocket zone.
19:40 of 2nd period - Corey Trivino is hit by Nicholas Baptiste.
19:50 of 2nd period - Wrist shot by Elias Pettersson.
19:50 of 2nd period - Stopped by Igor Shesterkin with a rebound.
19:52 of 2nd period - Slapshot by Jeff Corbett.
19:52 of 2nd period - Stopped by Igor Shesterkin with a rebound.
19:54 of 2nd period - Snap shot by Nicholas Baptiste.
19:54 of 2nd period - Stopped by Igor Shesterkin without a rebound.
19:55 of 2nd period - Pavel Zacha wins face-off versus Peter Holland in Rocket zone.
19:56 of 2nd period - Slapshot by Brett Pesce.
19:56 of 2nd period - Shot Misses the Net.
19:58 of 2nd period - Wrist shot by Pavel Zacha.
19:58 of 2nd period - Shot Blocked by Andrey Pedan.
Goals for this period are 3 for Rocket vs 2 for Marlies.
Shots for this period are 12 for Rocket vs 15 for Marlies.
3rd period
0:01 of 3rd period - Corey Trivino wins face-off versus Elias Pettersson in neutral zone.
0:14 of 3rd period - Wrist shot by Danton Heinen.
0:14 of 3rd period - Shot Blocked by Elias Pettersson.
1:21 of 3rd period - Off-side.
1:22 of 3rd period - Corey Trivino wins face-off versus Elias Pettersson in neutral zone.
1:25 of 3rd period - Nicholas Baptiste is hit by Adrian Kempe and loses puck.
1:48 of 3rd period - Dominic Turgeon is hit by Keaton Thompson and loses puck.
1:53 of 3rd period - Backhand shot by Tyler Benson.
1:53 of 3rd period - Stopped by Igor Shesterkin with a rebound.
1:59 of 3rd period - Brycen Martin is hit by Kole Sherwood and loses puck.
2:23 of 3rd period - Snap shot by Henri Ikonen.
2:23 of 3rd period - Shot Blocked by Andrei Mironov.
2:45 of 3rd period - Corey Trivino is hit by Dennis Gilbert.
3:11 of 3rd period - Scott Wilson is hit by Nicholas Baptiste and loses puck.
3:38 of 3rd period - Snap shot by Jakub Vrana.
3:38 of 3rd period - Shot Misses the Net.
3:40 of 3rd period - Slapshot by Dean Kukan.
3:40 of 3rd period - Stopped by Logan Thompson with a rebound.
3:58 of 3rd period - Slapshot by Brett Pesce.
3:58 of 3rd period - Shot Blocked by Jack Glover.
4:07 of 3rd period - Minor Penalty to Logan Brown for High sticking.
4:08 of 3rd period - Elias Pettersson wins face-off versus Corey Trivino in Marlies zone.
4:19 of 3rd period - Elias Pettersson is hit by Dean Kukan and loses puck.
5:43 of 3rd period - Aleksi Saarela is hit by Adrian Kempe and loses puck.
6:07 of 3rd period - Penalty to Logan Brown is over, Logan Brown is back on ice.
6:12 of 3rd period - Logan Brown is hit by Branden Troock and loses puck.
6:50 of 3rd period - Nicholas Baptiste is hit by Jakub Vrana and loses puck.
7:18 of 3rd period - Icing by Kole Sherwood.
7:19 of 3rd period - Corey Trivino wins face-off versus Aleksi Saarela in Rocket zone.
7:48 of 3rd period - Snap shot by Pavel Zacha.
7:48 of 3rd period - Shot Misses the Net.
7:50 of 3rd period - Slapshot by Brett Pesce.
7:50 of 3rd period - Shot Misses the Net.
8:18 of 3rd period - Icing by Dmitri Samorukov.
8:19 of 3rd period - Karson Kuhlman wins face-off versus Elias Pettersson in Marlies zone.
8:47 of 3rd period - Minor Penalty to Jack Glover for Roughing.
8:48 of 3rd period - Elias Pettersson wins face-off versus Karson Kuhlman in Rocket zone.
8:50 of 3rd period - Slapshot by Elias Pettersson.
8:50 of 3rd period - Stopped by Igor Shesterkin without a rebound.
8:51 of 3rd period - Elias Pettersson wins face-off versus Karson Kuhlman in Rocket zone.
9:26 of 3rd period - Slapshot by Brett Pesce.
9:26 of 3rd period - Goal by Brett Pesce - Rocket : 3 - Marlies : 3.
9:27 of 3rd period - Peter Holland wins face-off versus Valentin Zykov in neutral zone.
10:23 of 3rd period - Kole Sherwood is hit by Keaton Thompson and loses puck.
10:30 of 3rd period - Snap shot by Aleksi Saarela.
10:30 of 3rd period - Stopped by Igor Shesterkin with a rebound.
13:47 of 3rd period - Wrist shot by Tyler Benson.
13:47 of 3rd period - Stopped by Igor Shesterkin without a rebound.
13:48 of 3rd period - Corey Trivino wins face-off versus Valentin Zykov in Rocket zone.
13:53 of 3rd period - Slapshot by Danton Heinen.
13:53 of 3rd period - Goal by Danton Heinen - Rocket : 4 - Marlies : 3.
13:54 of 3rd period - Elias Pettersson wins face-off versus Adrian Kempe in neutral zone.
13:57 of 3rd period - Wrist shot by Elias Pettersson.
13:57 of 3rd period - Shot Blocked by Viktor Loov.
14:09 of 3rd period - Slapshot by Andrei Mironov.
14:09 of 3rd period - Shot Blocked by Elias Pettersson.
14:40 of 3rd period - Wrist shot by Henri Ikonen.
14:40 of 3rd period - Stopped by Igor Shesterkin without a rebound.
14:41 of 3rd period - Logan Brown wins face-off versus Karson Kuhlman in Rocket zone.
15:08 of 3rd period - Elias Pettersson is hit by Jack Glover and loses puck.
15:17 of 3rd period - Wrist shot by Adrian Kempe.
15:17 of 3rd period - Stopped by Logan Thompson without a rebound.
15:18 of 3rd period - Aleksi Saarela wins face-off versus Peter Holland in Marlies zone.
15:51 of 3rd period - Snap shot by Adrian Kempe.
15:51 of 3rd period - Shot Misses the Net.
15:53 of 3rd period - Slapshot by Danton Heinen.
15:53 of 3rd period - Goal by Danton Heinen - Rocket : 5 - Marlies : 3.
15:54 of 3rd period - Elias Pettersson wins face-off versus Corey Trivino in neutral zone.
16:05 of 3rd period - Snap shot by Nicholas Baptiste.
16:05 of 3rd period - Shot Hit the Post.
17:09 of 3rd period - Wrist shot by Nicholas Baptiste.
17:09 of 3rd period - Stopped by Igor Shesterkin without a rebound.
17:10 of 3rd period - Corey Trivino wins face-off versus Aleksi Saarela in Rocket zone.
17:42 of 3rd period - Snap shot by Nicholas Baptiste.
17:42 of 3rd period - Shot Blocked by Dean Kukan.
17:44 of 3rd period - Wrist shot by Nicholas Baptiste.
17:44 of 3rd period - Stopped by Igor Shesterkin with a rebound.
18:46 of 3rd period - Snap shot by Elias Pettersson.
18:46 of 3rd period - Stopped by Igor Shesterkin with a rebound.
18:48 of 3rd period - Snap shot by Nicholas Baptiste.
18:48 of 3rd period - Shot Misses the Net.
19:14 of 3rd period - Wrist shot by Peter Holland.
19:14 of 3rd period - Shot Misses the Net.
19:22 of 3rd period - Slapshot by Brett Pesce.
19:22 of 3rd period - Shot Misses the Net.
Goals for this period are 2 for Rocket vs 1 for Marlies.
Shots for this period are 4 for Rocket vs 9 for Marlies.